Map: Golden Wall LE

Players

AGOElazer (Elazer) - Winner!

  • Race: Zerg Zerg
  • League: Master
  • Spawn Location: 7:00

HeroMarine

  • Race: Terran Terran
  • League: Master
  • Spawn Location: 5:00

Event: Shopify TSL 5

VOD

Have the link to the VOD?

Description

Time

  • Played on: May 24, 2020, 3:11 p.m.
  • Length: 9:36

All games in this series

Show
View Real Time Build Order
Export as new Build Order

AGOElazer Zerg - Winner!

Build Orders: Hatch First, Muta Ling Bane 

Get SALT Encoding   

  12  0:00  Drone  
  13  0:12  Overlord  
  13  0:17  Drone  
  14  0:30  Drone x2  
  16  0:47  Hatchery  
  15  0:50  Drone  
  15  0:55  Drone  
  17  0:58  Drone  
  18  1:08  Extractor  
  17  1:13  Spawning Pool  
  17  1:16  Drone  
  17  1:19  Drone  
  18  1:27  Drone  
  19  1:39  Drone  
  20  1:50  Drone  
  21  2:00  Queen x2, Zergling x2  
  26  2:01  Overlord  
  26  2:10  Zergling x2  
  26  2:11  Drone  
  26  2:13  Metabolic Boost  
  28  2:21  Drone x2  
  30  2:35  Drone x2  
  30  2:36  Queen  
  32  2:39  Queen  
  36  2:44  Overlord  
  36  2:50  Overlord  
  36  3:03  Drone x2  
  36  3:05  Drone x2  
  40  3:10  Drone x5  
  45  3:13  Drone  
  45  3:18  Lair  
  46  3:20  Extractor  
  46  3:24  Drone  
  46  3:26  Drone  
  47  3:29  Drone  
  48  3:39  Drone, Hatchery  
  48  3:41  Drone  
  49  3:45  Drone x2  
  49  3:46  Extractor  
  50  3:50  Drone  
  50  3:51  Drone, Baneling Nest  
  50  3:54  Drone  
  52  3:58  Extractor  
  52  4:00  Overlord  
  52  4:01  Drone  
  52  4:12  Overlord  
  52  4:18  Drone x2, Spire  
  52  4:19  Drone x2  
  52  4:20  Drone  
  52  4:22  Zergling x4  
  58  4:27  Overseer  
  58  4:32  Queen  
  61  4:38  Zergling x6  
  61  4:43  Drone x3  
  66  4:49  Drone x2  
  68  4:53  Drone  
  68  4:54  Drone x5  
  74  5:01  Overlord  
  74  5:10  Overlord x2  
  74  5:18  Overlord  
  74  5:29  Mutalisk x7  
  74  5:33  Mutalisk  
  90  5:37  Zergling x10  
  90  5:41  Extractor  
  94  5:42  Extractor  
  94  5:43  Overlord  
  94  5:48  Drone x4  
  97  5:51  Drone  
  97  5:52  Drone  
  97  5:53  Centrifical Hooks  
  97  5:56  Evolution Chamber  
  98  5:57  Evolution Chamber  
  97  6:05  Drone x3  
  97  6:08  Drone x2  
  102  6:11  Drone  
  102  6:14  Drone x2, Overlord  
  102  6:15  Hatchery  
  104  6:26  Mutalisk  
  104  6:27  Mutalisk x3  
  104  6:28  Overlord  
  112  6:38  Zergling x6, Zerg Ground Armor Level 1, Zerg Melee Weapons Level 1  
  115  6:43  Zergling x8  
  115  6:45  Baneling x4  
  119  6:49  Zergling x6  
  122  6:56  Baneling x9  
  122  7:02  Zergling x4  
  122  7:03  Zergling x12  
  122  7:06  Zerg Flyer Weapons Level 1  
  130  7:09  Overlord  
  130  7:10  Overlord  
  128  7:18  Zergling x8  
  130  7:24  Overlord  
  130  7:27  Overlord x2  
  130  7:35  Drone  
  129  7:38  Zergling x14  
  129  7:39  Pneumatized Carapace  
  129  7:40  Overseer x2  
  129  7:43  Hatchery  
  135  7:44  Drone x2  
  135  7:48  Mutalisk  
  135  7:49  Mutalisk x2  
  143  7:54  Mutalisk  
  143  7:55  Mutalisk x2  
  149  8:04  Zergling x8  
  153  8:11  Baneling x7  
  153  8:12  Zergling x4, Baneling x3  
  155  8:13  Hatchery  
  154  8:23  Zergling x16  
  154  8:25  Baneling x8  
  154  8:26  Baneling x2  
  162  8:32  Baneling x7  
  162  8:41  Zergling x14  
  141  8:44  Zergling x6  
  131  8:57  Zergling x18  
  132  9:10  Zergling x12  
  132  9:24  Extractor  
Show
View Real Time Build Order
Export as new Build Order

HeroMarine Terran 

Build Orders: Reaper Expand 

Get SALT Encoding   

  12  0:00  SCV  
  13  0:12  SCV  
  14  0:17  Supply Depot  
  14  0:24  SCV  
  15  0:39  SCV  
  15  0:41  Barracks  
  16  0:45  Refinery  
  16  0:51  SCV  
  17  1:03  SCV  
  18  1:15  SCV  
  19  1:28  Reaper, Orbital Command  
  20  1:41  Command Center  
  20  1:50  Supply Depot  
  20  1:53  SCV  
  21  2:00  Marine  
  22  2:06  SCV  
  23  2:10  Factory  
  23  2:18  SCV  
  23  2:21  Barracks Reactor  
  24  2:30  SCV  
  25  2:42  SCV  
  26  2:46  Command Center  
  26  2:54  SCV, Orbital Command  
  27  3:05  Barracks  
  27  3:06  SCV  
  27  3:09  Barracks Tech Lab  
  30  3:13  Hellion  
  30  3:18  Hellion  
  32  3:20  SCV  
  32  3:23  SCV  
  34  3:30  Stimpack  
  34  3:32  SCV  
  34  3:33  Marine  
  36  3:35  SCV  
  37  3:44  SCV  
  37  3:47  SCV  
  39  3:50  Marine  
  40  3:56  SCV  
  40  3:59  SCV, Orbital Command  
  40  4:00  Refinery  
  40  4:01  Marine x2  
  44  4:05  Factory Reactor  
  44  4:08  SCV, Starport  
  45  4:11  SCV, Marine  
  45  4:12  Supply Depot  
  47  4:19  Marine x2  
  47  4:20  SCV  
  47  4:23  SCV  
  51  4:26  Engineering Bay  
  51  4:27  Engineering Bay  
  51  4:29  SCV  
  52  4:32  SCV, Marine  
  52  4:35  SCV  
  52  4:37  Supply Depot  
  55  4:38  Marine  
  55  4:39  Marine  
  55  4:42  SCV  
  55  4:44  SCV  
  59  4:47  SCV, Refinery  
  59  4:49  Barracks, Refinery  
  59  4:50  Factory Reactor  
  60  4:54  SCV  
  60  4:55  Marine  
  60  4:56  SCV  
  66  5:00  SCV  
  66  5:02  Terran Infantry Armor Level 1, Terran Infantry Weapons Level 1  
  66  5:05  Missile Turret  
  66  5:06  Supply Depot  
  64  5:08  Missile Turret  
  64  5:11  SCV  
  64  5:12  SCV  
  66  5:16  Marine x3  
  66  5:17  Combat Shield  
  66  5:18  Orbital Command  
  69  5:23  SCV  
  69  5:24  SCV  
  69  5:26  Missile Turret  
  71  5:33  Medivac  
  71  5:35  Medivac  
  75  5:36  SCV x2  
  75  5:40  Missile Turret  
  75  5:41  Marine x3  
  80  5:49  SCV x3, Factory Reactor  
  82  5:53  Marine x2  
  82  5:54  Missile Turret  
  84  5:58  Marine  
  84  6:02  Supply Depot x2  
  85  6:11  Marine x2  
  85  6:12  Marine, Medivac x2  
  85  6:16  Marine x2  
  93  6:20  Barracks  
  93  6:21  Barracks  
  93  6:23  SCV x3  
  95  6:29  Marine x3, Widow Mine  
  95  6:30  Widow Mine  
  102  6:34  Marine x2  
  102  6:35  SCV x3  
  105  6:45  Missile Turret  
  104  6:47  SCV x3, Marine x2  
  104  6:51  Supply Depot  
  104  6:52  Marine  
  104  6:53  Widow Mine x2, Medivac x2  
  116  6:55  Supply Depot  
  116  6:58  Marine  
  114  7:03  Marine  
  114  7:05  Marine x2  
  114  7:10  Marine, Factory  
  114  7:11  Armory  
  114  7:13  Refinery  
  114  7:14  SCV x3  
  114  7:16  Marine  
  114  7:20  Barracks Reactor x2  
  114  7:21  Widow Mine x2  
  118  7:23  Marine  
  118  7:24  Marine  
  118  7:26  SCV x2  
  118  7:29  Marine x2  
  124  7:34  Marine  
  123  7:39  Refinery  
  123  7:41  Marine x2, Medivac x2  
  129  7:46  Marine  
  129  7:47  Marine  
  133  7:53  Marine  
  133  7:54  Supply Depot  
  133  7:55  Factory Tech Lab  
  133  7:57  Marine x2  
  134  8:02  SCV x3  
  137  8:08  Supply Depot x2  
  137  8:13  Drilling Claws  
  137  8:15  Widow Mine x2  
  137  8:16  Widow Mine, Supply Depot  
  145  8:20  Marine x2  
  145  8:21  Marine  
  145  8:23  Missile Turret  
  145  8:26  Marine x3  
  149  8:29  Marine  
  150  8:35  Medivac  
  150  8:36  Widow Mine x2  
  150  8:41  Marine x2  
  127  8:42  Marine x2  
  127  8:43  Marine  
  127  8:44  Marine x3  
  127  8:47  Marine  
  107  8:58  Widow Mine  
  107  8:59  Marine x2  
  107  9:00  Marine x3  
  107  9:02  SCV, Marine x3  
  104  9:05  Marine  
  104  9:06  SCV x2  
  93  9:16  Marine  
  93  9:17  Marine  
  82  9:18  Marine  
Tags
 
Add a new tag
Caveats
  • Supply blocks, unpowered buildings, or Contaminate may cause inaccurate times.
  • Supply counts are checked every 10 seconds.